 Dungeon Crawl Stone Soup version 0.28.0-47-ge53b351184 (webtiles) character file.

Game seed: 6008223927241729172

121 H0rd4k the Magician (level 4, -1/24 HPs)
             Began as a Deep Elf Hedge Wizard on Apr 26, 2022.
             Slain by an iguana (14 damage)
             ... on level 3 of the Dungeon.
             The game lasted 00:02:20 (3234 turns).

H0rd4k the Magician (Deep Elf Hedge Wizard)         Turns: 3234, Time: 00:02:20

Health: -1/24      AC:  2    Str:  7    XL:     4   Next: 76%
Magic:  9/14       EV: 12    Int: 21    God:
Gold:   117        SH:  0    Dex: 14    Spells: 6/15 levels left

rFire   . . .      SeeInvis .   a - +0 dagger
rCold   . . .      Faith    .   (no shield)
rNeg    . . .      Spirit   .   b - +0 robe
rPois   .          Reflect  .   c - +0 hat
rElec   .          Harm     .   (no cloak)
rCorr   .          Rampage  .   (no gloves)
Will    .....                   (no boots)
Stlth   ++........              (no amulet)
HPRegen 0.08/turn               (no ring)
MPRegen 0.14/turn               (no ring)

@: no status effects
A: no striking features
a: no special abilities


You were on level 3 of the Dungeon.
You visited 1 branch of the dungeon, and saw 3 of its levels.

You collected 117 gold pieces.

Inventory:

Hand Weapons
 a - a +0 dagger (weapon)
Armour
 b - a +0 robe (worn)
 c - a +0 hat (worn)
Scrolls
 d - 3 scrolls of enchant armour {unknown}
 e - a scroll of teleportation {unknown}
 f - a scroll of identify {unknown}
 g - a scroll of amnesia {unknown}
 k - a scroll of blinking {unknown}
Potions
 h - 2 potions of curing {unknown}
 i - a potion of might {unknown}
 j - 2 potions of heal wounds {unknown}


   Skills:
 + Level 2.6 Dodging
 - Level 2.4 Stealth
 + Level 6.4 Spellcasting
 + Level 3.0 Conjurations
 + Level 1.1 Summonings
 + Level 1.1 Translocations
 * Level 0.1 Air Magic
 * Level 0.4 Poison Magic


You had 6 spell levels left.
You knew the following spells:

 Your Spells              Type           Power      Damage    Failure   Level
a - Magic Dart            Conj           76%        1d6       2%          1
b - Blink                 Tloc           22%        N/A       9%          2
c - Conjure Flame         Conj/Fire      13%        6-21      16%         3
d - Mephitic Cloud        Conj/Pois/Air  11%        N/A       17%         3

Your spell library contained the following spells:

 Spells                   Type           Power      Damage    Failure   Level
 Call Imp                 Summ           11%        N/A       9%          2
 Slow                     Hex            24%        N/A       10%         1


Dungeon Overview and Level Annotations

Branches:
Dungeon (3/15)

Altars:


Message History

A jackal comes into view.
The magic dart hits the jackal but does no damage.
The jackal barks!
The magic dart hits the jackal.
The jackal is moderately wounded.
The magic dart hits the jackal but does no damage.
The jackal is moderately wounded.
The magic dart hits the jackal.
You kill the jackal!
You can't see any susceptible monsters within range! (Use Z to cast anyway.)
You can't see any susceptible monsters within range! (Use Z to cast anyway.)
You can't see any susceptible monsters within range! (Use Z to cast anyway.)
You can't see any susceptible monsters within range! (Use Z to cast anyway.)
You see here a jackal corpse.
Things that are here:
a +0 club; a kobold corpse
Found a robe.
You see here a +0 robe.
A rat, an iguana and a goblin come into view.
The iguana hisses angrily.
The magic dart hits the iguana.
The iguana is moderately wounded.
The goblin shouts!
The magic dart hits the iguana but does no damage.
The iguana is moderately wounded.
The magic dart hits the iguana.
The iguana is heavily wounded.
The magic dart hits the iguana.
The iguana is heavily wounded.
The iguana bites you! The rat misses you.
The magic dart hits the iguana but does no damage.
The iguana is heavily wounded.
The iguana barely misses you. The rat closely misses you.
You see here a +0 robe.
The iguana bites you.
The magic dart hits the iguana.
The iguana is almost dead.
The iguana bites you!
Ouch! That really hurt!
You die...

###########################
.....)..................†.##
#########################..#
##.## #..# ##.## ##
############### #..# .#
#......@l.rg[.# ##.## .# ###
#.###########.#####..## .#
#.# #.# .....g..........#
.###.# #.#
#######.######..#. .....#
#.# #.#######)#. ####.# #.#
............ #.# #.#
#########.#. #.#####.#
#<#####.#. #.......#
#.........


You could see an iguana, a goblin and a rat.

Vanquished Creatures
  Jessica (D:2)
  3 adders (D:2)
  A worm (D:3)
  2 dart slugs (D:1)
  3 endoplasms
  3 giant cockroaches (D:2)
  6 goblins
  6 hobgoblins
  2 jackals (D:3)
  6 kobolds
  3 quokkas
  9 ball pythons
  7 bats
  3 frilled lizards (D:1)
  3 rats (D:1)
58 creatures vanquished.

Notes
Turn   | Place    | Note
-------+----------+-------------------------------------------
     0 | D:1      | H0rd4k the Deep Elf Hedge Wizard began the quest for the
                  | Orb.
     0 | D:1      | Reached XP level 1. HP: 10/10 MP: 7/7
   357 | D:1      | Reached skill level 5 in Spellcasting
   677 | D:1      | Reached XP level 2. HP: 15/15 MP: 8/10
  1058 | D:1      | Found a faded altar of an unknown god.
  1417 | D:1      | Reached XP level 3. HP: 11/19 MP: 7/12
  1420 | D:1      | Learned a level 2 spell: Blink
  1424 | D:1      | Learned a level 3 spell: Conjure Flame
  1428 | D:1      | Learned a level 3 spell: Mephitic Cloud
  2002 | D:2      | Reached skill level 6 in Spellcasting
  2057 | D:2      | Reached XP level 4. HP: 10/24 MP: 5/14
  2265 | D:2      | Noticed Jessica
  2273 | D:2      | Killed Jessica
  3234 | D:3      | Slain by an iguana

Illustrated notes

Levels and vault maps discovered:
D:1:      scummos_arrival_forest, layout_loops_ring,
          hellmonk_ecumenical_altar_heavens_door
D:2:      layout_rooms, nicolae_elevator_lobby_asterisk, uniq_jessica
D:3:      layout_basic, nicolae_overflow_hidden_temple

Skill      XL: |  1  2  3  4 |
---------------+-------------+-----
Spellcasting   | 5 6 |  6.4
Conjurations   | 2 3 |  3.0
Dodging        | |  2.6
Stealth        | |  2.4
Summonings     | |  1.1
Translocations | |  1.1
Air Magic      | |  0.1
Poison Magic   | |  0.4

Action                   |  1- 3 |  4- 6 || total
-------------------------+-------+-------++-------
Melee: Dagger            |     3 |       ||     3
 Cast: Magic Dart        |   111 |    62 ||   173
Armor: Robe              |     7 |     1 ||     8
Dodge: Dodged            |    10 |     8 ||    18
